 Dungeon Crawl Stone Soup version 0.31-a0-188-g5e087ee2ca (webtiles) character file.

Game seed: 2883114496422496479

406 qw the Skirmisher (level 6, -16/35 HPs)
             Began as a Deep Elf Hunter on June 22, 2023.
             Killed from afar by Dowan (17 damage)
             ... with a shard of ice
             ... on level 5 of the Dungeon.
             The game lasted 00:01:15 (3052 turns).

qw the Skirmisher (Deep Elf Hunter)                 Turns: 3052, Time: 00:01:16

Health: -16/35     AC:  6    Str: 10    XL:     6   Next: 56%
Magic:  8/8        EV: 11    Int: 14    God:
Gold:   178        SH:  0    Dex: 18    Spells: 5/5 levels left

rFire   . . .        Y - +0 shortbow
rCold   . . .        (shield currently unavailable)
rNeg    . . .        k - +0 ring mail
rPois   .            (no helmet)
rElec   .            (no cloak)
rCorr   +            (no gloves)
SInv    .            l - +0 pair of boots
Will    .....        (no amulet)
Stlth   +            f - ring of resist corrosion
HPRegen 0.25/turn    (no ring)
MPRegen 0.11/turn

%: no passive effects
@: no status effects
A: no striking features
a: no special abilities


You were on level 5 of the Dungeon.
You visited 1 branch of the dungeon, and saw 4 of its levels.

You collected 178 gold pieces.


   Skills:
 - Level 2.0 Fighting
 - Level 10.2 Ranged Weapons
 + Level 2.4 Dodging
 - Level 1.2 Stealth


You had 5 spell levels left.
You didn't know any spells.
Your spell library was empty.

Inventory:

Hand Weapons
 Y - a +0 shortbow (weapon)
Armour
 k - a +0 ring mail (worn)
 l - a +0 pair of boots (worn)
Jewellery
 c - a +5 ring of evasion
 f - a ring of resist corrosion (left hand)
Scrolls
 d - a scroll of vulnerability {unknown}
 m - a scroll of identify {unknown}
Potions
 a - a potion of enlightenment {unknown}
 b - a potion of resistance {unknown}
 e - 4 potions of curing
 g - a potion of might {unknown}
 h - a potion of ambrosia {unknown}
 i - a potion of heal wounds {unknown}
 j - a potion of degeneration {unknown}

Dungeon Overview and Level Annotations

Branches:
Dungeon (3/15)

Altars:

Annotations:
D:5 Dowan


Message History

Duvessa completely misses you.
You shoot an arrow.
The arrow hits Duvessa but does no damage.
Duvessa is almost dead.
Duvessa barely misses you.
You shoot an arrow.
The arrow hits Duvessa but does no damage.
Duvessa is almost dead.
Duvessa hits you with a +0 short sword.
You shoot an arrow. The arrow hits Duvessa!
You kill Duvessa!
You hear a distant wail of despair.
Your Ranged Weapons skill increases to level 10!
You start resting.
Dowan, Brother of Duvessa comes into view.
He is wielding a +0 dagger.
You shoot an arrow. The arrow closely misses Dowan.
Dowan shouts!
Dowan seems to find hidden reserves of power!
Dowan casts a spell.
Dowan blinks!
You start resting.
Dowan is nearby!
You shoot an arrow. The arrow closely misses Dowan.
You shoot an arrow. The arrow misses Dowan.
You shoot an arrow. The arrow closely misses Dowan.
You shoot an arrow. The arrow hits Dowan!
Dowan is moderately wounded.
Dowan gestures at you while chanting. The shard of ice hits you!!
Ouch! That really hurt!
You shoot an arrow.
The arrow hits Dowan but does no damage.
Dowan is moderately wounded.
Dowan breathes, "And she was my only..."
Dowan closely misses you.
You shoot an arrow. The arrow hits Dowan.
Dowan is heavily wounded.
Dowan casts a spell at you. The shard of ice hits you!
You die...

#..(...##
#....................
#.....##
#....................
...#..#
#....................
......#
#....................
#.....## #...........
.... ##.....###
#........... ....
#..##...## ##..........
....
#..####...###...........
.... ...#
###......#@e...... ....
...# ##......#.......
.... ...#
##............. .... ...
#..####........ .... #
#..# ##...... .... #.##
...... .... .. .....#
.... #.. .....# .... ..#
....


You could see Dowan (fast).

Vanquished Creatures
  Duvessa (D:5)
  An ogre (D:3)
  A hound (D:5)
  8 gnolls (D:3)
  3 adders (D:5)
  A shadow imp (D:5)
  2 worms
  2 dart slugs (D:2)
  7 ball pythons
  6 endoplasms
  2 giant cockroaches
  6 hobgoblins
  6 jackals
  5 quokkas
  11 bats
  4 frilled lizards
  4 goblins
  9 kobolds
  8 rats
87 creatures vanquished.

Notes
Turn   | Place    | Note
-------+----------+-------------------------------------------
     0 | D:1      | qw the Deep Elf Hunter began the quest for the Orb.
     0 | D:1      | Reached XP level 1. HP: 12/12 MP: 3/3
     0 | D:1      | 0 ||| qw: Version: 0.3-a-9-g12657ce
     0 | D:1      | 0 ||| qw: Game counter: 2786
     0 | D:1      | 0 ||| qw: Always use a shield: true
     0 | D:1      | 0 ||| qw: God list: Okawaru
     0 | D:1      | 0 ||| qw: Allow faded altars: false
     0 | D:1      | 0 ||| qw: Do Orc after D:15 true
     0 | D:1      | 0 ||| qw: Do second Lair branch before Depths: true
     0 | D:1      | 0 ||| qw: Lair rune preference: random
     0 | D:1      | 0 ||| qw: Plans: Normal
     0 | D:1      | 0 ||| PLANNING D:1-11
   143 | D:1      | Reached XP level 2. HP: 16/16 MP: 4/4
   156 | D:1      | Reached skill level 6 in Ranged Weapons
   569 | D:1      | Reached XP level 3. HP: 20/20 MP: 5/5
   913 | D:1      | 913 ||| DROPPING ring of flight.
   914 | D:1      | 914 ||| UPGRADING to ring of resist corrosion.
   915 | D:1      | 915 ||| READING scroll labelled PIR GUMEIMAFI.
   920 | D:1      | 920 ||| READING scroll labelled TIPHOSOH JEMAE.
   921 | D:1      | 921 ||| DROPPING scroll of butterflies.
  1086 | D:2      | Reached skill level 7 in Ranged Weapons
  1487 | D:2      | 1487 ||| READING scroll labelled FASHUSIKIY.
  1488 | D:2      | 1488 ||| DRINKING 2 metallic blue potions.
  1526 | D:2      | 1526 ||| DRINKING 2 blue potions.
  1527 | D:2      | 1527 ||| DROPPING potion of lignification.
  1528 | D:2      | 1528 ||| DROPPING potion of invisibility.
  1588 | D:3      | Reached XP level 4. HP: 25/25 MP: 6/6
  1677 | D:3      | Reached skill level 8 in Ranged Weapons
  1823 | D:3      | 1823 ||| Stepping ~*~*~tactically~*~*~ (outnumbered).
  1835 | D:3      | Reached XP level 5. HP: 17/29 MP: 7/7
  1835 | D:3      | 1835 ||| FLEEEEING.
  1836 | D:3      | 1836 ||| FLEEEEING.
  1837 | D:3      | 1837 ||| FLEEEEING.
  1838 | D:3      | 1838 ||| FLEEEEING.
  1839 | D:3      | 1839 ||| FLEEEEING.
  1840 | D:3      | 1840 ||| FLEEEEING.
  1841 | D:3      | 1841 ||| FLEEEEING.
  1842 | D:3      | 1842 ||| FLEEEEING.
  1843 | D:3      | 1843 ||| FLEEEEING.
  1844 | D:3      | 1844 ||| FLEEEEING.
  1845 | D:3      | 1845 ||| FLEEEEING.
  1846 | D:3      | 1846 ||| FLEEEEING.
  1847 | D:3      | 1847 ||| FLEEEEING.
  1848 | D:3      | 1848 ||| FLEEEEING.
  1849 | D:3      | 1849 ||| FLEEEEING.
  1850 | D:3      | 1850 ||| FLEEEEING.
  1851 | D:3      | 1851 ||| FLEEEEING.
  1852 | D:3      | 1852 ||| FLEEEEING.
  1853 | D:3      | 1853 ||| FLEEEEING.
  1855 | D:3      | 1855 ||| FLEEEEING.
  1856 | D:3      | 1856 ||| FLEEEEING.
  1857 | D:3      | 1857 ||| FLEEEEING.
  1858 | D:3      | 1858 ||| FLEEEEING.
  1859 | D:3      | 1859 ||| FLEEEEING.
  1860 | D:3      | 1860 ||| FLEEEEING.
  1861 | D:3      | 1861 ||| FLEEEEING.
  1862 | D:3      | 1862 ||| FLEEEEING.
  1863 | D:3      | 1863 ||| FLEEEEING.
  1864 | D:3      | 1864 ||| FLEEEEING.
  1865 | D:3      | 1865 ||| FLEEEEING.
  1866 | D:3      | 1866 ||| FLEEEEING.
  1867 | D:3      | 1867 ||| FLEEEEING.
  1868 | D:3      | 1868 ||| FLEEEEING.
  1869 | D:3      | 1869 ||| FLEEEEING.
  1870 | D:3      | 1870 ||| FLEEEEING.
  1871 | D:3      | 1871 ||| FLEEEEING.
  1872 | D:3      | 1872 ||| FLEEEEING.
  1873 | D:3      | 1873 ||| FLEEEEING.
  1875 | D:3      | 1875 ||| FLEEEEING.
  2030 | D:3      | 2030 ||| UPGRADING to +0 ring mail.
  2051 | D:3      | 2051 ||| DROPPING +0 leather armour.
  2240 | D:3      | Noticed an ogre
  2247 | D:3      | HP: 1/29 [ogre/+0 giant club (25)]
  2248 | D:3      | 2248 ||| READING scroll of teleportation.
  2249 | D:3      | Killed an ogre
  2250 | D:3      | Reached skill level 9 in Ranged Weapons
  2787 | D:3      | You fall into a shaft and drop 2 floors!
  2787 | D:5      | Entered Level 5 of the Dungeon
  2955 | D:5      | 2955 ||| UPGRADING to +0 pair of boots.
  2971 | D:5      | Reached XP level 6. HP: 35/35 MP: 8/8
  3026 | D:5      | Noticed Duvessa
  3041 | D:5      | Killed Duvessa
  3042 | D:5      | Reached skill level 10 in Ranged Weapons
  3042 | D:5      | Noticed Dowan
  3050 | D:5      | HP: 1/35 [Dowan/shard of ice (21)]
  3052 | D:5      | Killed from afar by Dowan

Levels and vault maps discovered:
D:1:      nicolae_arrival_memento_mori, layout_basic
D:2:      layout_basic
D:3:      layout_basic, minmay_fountain_box, small_statue_intersection,
          st_stairs_8, hangedman_decor_points
D:5:      layout_layer_cave, hangedman_abyss_or_decor_stabs, uniq_duvessa

Skill      XL: |  1  2  3  4  5  6 |
---------------+-------------------+-----
Ranged Weapons | 6 7 8 9 10 | 10.2
Fighting       | 2 |  2.0
Dodging        | |  2.4
Stealth        | |  1.2

Action                     |  1- 3 |  4- 6 || total
---------------------------+-------+-------++-------
   Fire: Shortbow          |   144 |   152 ||   296
    Use: Scroll            |     3 |     1 ||     4
         Potion            |     2 |       ||     2
 Armour: Leather armour    |     3 |     3 ||     6
         Ring mail         |       |    14 ||    14
  Dodge: Dodged            |    28 |    43 ||    71

Table legend:
 A = Non-vault XP
 B = Vault XP
 C = Vault XP percentage of total XP
 D = Non-vault monster count
 E = Vault monster count
 F = Vault count percentage of total count
                 A         B        C        D         E       F
            +---------+---------+-------+---------+---------+-------
      Total |     438 |     143 |  24.6 |      85 |       2 |   2.3
            +---------+---------+-------+---------+---------+-------
        D:1 |      48 |       0 |   0.0 |      29 |       0 |   0.0
        D:2 |      44 |       0 |   0.0 |      25 |       0 |   0.0
        D:3 |     255 |       1 |   0.4 |      26 |       1 |   3.7
        D:5 |      91 |     142 |  60.9 |       5 |       1 |  16.7
            +---------+---------+-------+---------+---------+-------
